 Dungeon Crawl Stone Soup version 0.26.0-45-g9c1d065592 (webtiles) character file.

Game seed: 17297973338512839303

1621 kaeus the Ruffian (level 8, 0/80 HPs)
             Began as a Troll Fighter on Jan 28, 2021.
             Was an Initiate of Ru.
             Slain by an iguana (9 damage)
             ... on level 7 of the Dungeon.
             The game lasted 00:05:28 (4444 turns).

kaeus the Ruffian (Troll Fighter)                   Turns: 4444, Time: 00:05:28

Health: 0/80       AC:  6    Str: 27    XL:     8   Next: 64%
Magic:  7/7        EV: 10    Int:  2    God:    Ru [......]
Gold:   374        SH: 10    Dex:  9    Spells: 7/7 levels left

rFire    . . .     SeeInvis .     - Unarmed
rCold    . . .     Faith    .   b - +0 kite shield
rNeg     . . .     Spirit   .   a - +0 robe
rPois    .         Reflect  .   (helmet restricted)
rElec    .         Harm     .   (no cloak)
rCorr    +         Rampage  .   (gloves unavailable)
Will     .....                  (boots unavailable)
Stlth    +.........             (no amulet)
HPRegen  0.63/turn              e - ring of flight
MPRegen  0.10/turn              q - ring of resist corrosion

@: lethally poisoned (0 -> -17)
A: large, unfitting armour, claws 3, dopey 1, regeneration 1, shaggy fur 1,
tough skin 3
a: Renounce Religion, Evoke Flight


You were on level 7 of the Dungeon.
You worshipped Ru.
Ru was noncommittal.
You visited 2 branches of the dungeon, and saw 8 of its levels.

You collected 374 gold pieces.

Inventory:

Armour
 a - a +0 robe (worn)
 b - a +0 kite shield (worn)
Jewellery
 e - a ring of flight (left claw)
 q - a ring of resist corrosion (right claw)
Wands
 r - a wand of polymorph (13)
 u - a wand of paralysis (3)
 v - a wand of flame (29)
Scrolls
 f - 4 scrolls of fear {unknown}
 g - 2 scrolls of amnesia {unknown}
 j - 3 scrolls of magic mapping {unknown}
 k - 2 scrolls of random uselessness {unknown}
 l - 3 scrolls of blinking {unknown}
 p - 4 scrolls of identify {unknown}
 s - a scroll of teleportation {unknown}
 w - a scroll of enchant weapon {unknown}
Potions
 c - 2 potions of might
 d - 3 potions of curing {unknown}
 h - a potion of brilliance {unknown}
 i - a potion of resistance {unknown}
 m - 2 potions of haste
 n - a potion of flight {unknown}
 o - a potion of berserk rage {unknown}
 t - a potion of mutation {unknown}
 x - a potion of invisibility {unknown}


   Skills:
 + Level 5.2 Fighting
 + Level 5.1 Dodging
 + Level 5.1 Shields
 + Level 5.7 Unarmed Combat


You had 7 spell levels left.
You didn't know any spells.
Your spell library was empty.

Dungeon Overview and Level Annotations

Branches:
Dungeon (7/15)             Temple (1/1) D:4

Altars:
Ashenzari
Dithmenos
Elyvilon
Fedhas
Gozag
Hepliaklqana
Kikubaaqudgha
Nemelex Xobeh
Okawaru
Qazlal
Ru
Sif Muna
Uskayaw
Vehumet
Wu Jian
Xom
Yredelemnul
Zin
The Shining One


Innate Abilities, Weirdness & Mutations

You are too large for most types of armour.
You have claws for hands.
You are dopey. (Int -2)
Your natural rate of healing is unusually fast.
You are covered in fur. (AC +1)
You have extremely tough skin. (AC +3)


Message History

You block the killer bee's attack. The killer bee barely misses you.
The killer bee stings you but does no damage.
You block the killer bee's attack.
The killer bee stings you but does no damage.
The killer bee stings you. The iguana bites you!
* * * LOW HITPOINT WARNING * * *
You take 21 damage, and have 23/80 hp.
MASSIVE DAMAGE!!
You closely miss the iguana.
The iguana is lightly wounded.
You feel sick. The killer bee stings you.
* * * LOW HITPOINT WARNING * * *
You block the killer bee's attack. The killer bee stings you.
* * * LOW HITPOINT WARNING * * *
You block the killer bee's attack. x2; The killer bee stings you.
* * * LOW HITPOINT WARNING * * *
You are more poisoned.
The killer bee poisons you!
The killer bee stings you but does no damage.
The killer bee barely misses you. The iguana bites you!
You die...

..........
........#
#....#..###.
#....#......
#...........
#...........
#...........
...#..yy.......
......y@l......
#####.y##....#.
#.. .##.# ....
. .. ###.. .. .
#.. .# ... .#
#..


You could see an iguana and 4 killer bees.

Vanquished Creatures
  Sigmund (D:2)
  Eustachio (D:4)
  Edmund (D:6)
  2 phantoms
  2 ogres
  A wyvern skeleton (D:6)
  A killer bee (D:7)
  3 jellies
  A quasit (D:5)
  An orc priest (D:6)
  3 hounds
  Crazy Yiuf (D:4)
  2 iguanas (D:6)
  Ijyb (D:4)
  3 worker ants (D:5)
  3 orc wizards
  8 gnolls
  5 adders
  4 ufetubi
  3 oozes (D:2)
  4 worms
  A dart slug (D:3)
  7 leopard geckos
  11 orcs
  4 giant cockroaches
  4 goblins
  10 hobgoblins
  3 jackals
  8 kobolds
  3 ball pythons (D:2)
  12 bats
  6 frilled lizards
  A quokka skeleton (D:4)
  6 rats
127 creatures vanquished.

Vanquished Creatures (others)
  A goblin (D:2)
  A bat (D:2)
2 creatures vanquished.

Grand Total: 129 creatures vanquished

Notes
Turn   | Place    | Note
-------+----------+-------------------------------------------
     0 | D:1      | kaeus the Troll Fighter began the quest for the Orb.
     0 | D:1      | Reached XP level 1. HP: 22/22 MP: 0/0
   119 | D:1      | Reached XP level 2. HP: 29/29 MP: 1/1
   538 | D:2      | Reached XP level 3. HP: 22/36 MP: 2/2
   669 | D:2      | Reached XP level 4. HP: 35/44 MP: 3/3
   696 | D:2      | HP: 1/44 [worm (6)]
   888 | D:2      | Found a white marble altar of Elyvilon.
  1132 | D:2      | Noticed Sigmund
  1164 | D:2      | Killed Sigmund
  1165 | D:2      | Reached XP level 5. HP: 26/53 MP: 4/4
  1165 | D:2      | Reached XP level 6. HP: 30/61 MP: 5/5
  1831 | D:4      | Found an ancient bone altar of Kikubaaqudgha.
  1874 | D:4      | Found a staircase to the Ecumenical Temple.
  1890 | D:4      | Noticed Ijyb
  1893 | D:4      | Paralysed by Ijyb for 6 turns
  1907 | D:4      | Killed Ijyb
  1924 | Temple   | Entered the Ecumenical Temple
  2030 | Temple   | Became a worshipper of Ru the Awakened
  2104 | D:4      | Found a runed translucent door.
  2105 | D:4      | Noticed Crazy Yiuf
  2293 | D:4      | Found a basalt altar of Yredelemnul.
  2353 | D:4      | Noticed Eustachio
  2416 | D:4      | Killed Eustachio
  2417 | D:4      | Reached XP level 7. HP: 58/70 MP: 6/6
  2588 | D:4      | Found a glowing golden altar of the Shining One.
  2762 | D:4      | Killed Crazy Yiuf
  2824 | D:5      | Entered Level 5 of the Dungeon
  3244 | D:5      | Found a stormy altar of Qazlal.
  3252 | D:5      | Reached XP level 8. HP: 50/79 MP: 7/7
  3269 | D:5      | Reached skill level 5 in Unarmed Combat
  3416 | D:5      | Found a shimmering blue altar of Sif Muna.
  3775 | D:6      | Found a hide-covered altar of Uskayaw.
  3809 | D:6      | Gained mutation: You are dopey. (Int -2) [Ru sacrifice]
  4159 | D:6      | Found a broken altar of Ashenzari.
  4207 | D:6      | Noticed Edmund
  4213 | D:6      | Killed Edmund
  4214 | D:6      | Reached skill level 5 in Fighting
  4214 | D:6      | Reached skill level 5 in Dodging
  4214 | D:6      | Reached skill level 5 in Shields
  4444 | D:7      | Slain by an iguana

Illustrated notes

Levels and vault maps discovered:
D:1:      dpeg_arrival_shelter, layout_rooms, minmay_tetromino_o4
D:2:      layout_rooms, elyvilon_altar_4, grunt_ministairs_13,
          kennysheep_generic_room_8, uniq_sigmund
D:3:      layout_loops_ring
D:4:      layout_basic, lemuel_crystal_altar, grunt_temple_overflow_holy_war,
          minmay_temple_entry_mist, uniq_ijyb, uniq_crazy_yiuf_cottage,
          uniq_eustachio
D:5:      layout_basic, lemuel_coloured_pillars_altar,
          amcnicky_mini_rare_corridor_liquid, grunt_qazlal_clouds
D:6:      layout_basic, lemuel_round_altar, nicolae_ashenzari_panopticon,
          uniq_edmund
D:7:      layout_basic, bloody_makhleb, slow_altar_2, bloody_trog,
          okawaru_humans
Temple:   nicolae_temple_hex_pool

Skill      XL: |  1  2  3  4  5  6  7  8 |
---------------+-------------------------+-----
Dodging        | 3 4 5 |  5.1
Shields        | 3 4 5 |  5.1
Fighting       | 3 4 5 |  5.2
Unarmed Combat | 3 4 5 |  5.7

Action                   |  1- 3 |  4- 6 |  7- 9 || total
-------------------------+-------+-------+-------++-------
Melee: Unarmed           |    80 |   213 |   178 ||   471
Invok: Sacrifice Purity  |       |       |     1 ||     1
Armor: Robe              |    28 |   109 |    50 ||   187
Dodge: Dodged            |    33 |   131 |    89 ||   253
Block: Kite shield       |    38 |   136 |   110 ||   284
